 Dungeon Crawl Stone Soup version 0.30-a0-920-g7493c07aab (webtiles) character file.

Game seed: 5540170789683868079

173 jasper the Cutter (level 5, -1/32 HPs)
             Began as a Kobold Cinder Acolyte on Mar 21, 2023.
             Was a High Priest of Ignis.
             Slain by a gnoll
             ... wielding a +0 club
              (6 damage)
             ... on level 3 of the Dungeon.
             The game lasted 00:07:30 (3719 turns).

jasper the Cutter (Kobold Cinder Acolyte)           Turns: 3719, Time: 00:07:30

Health: -1/32      AC:  2    Str: 11 (12) XL:     5   Next: 83%
Magic:  2/10       EV: 13    Int: 15 (17) God:    Ignis [*****.]
Gold:   120        SH:  0    Dex:  9 (10) Spells: 9/11 levels left

rFire   + . .      SeeInvis .    a - -1 short sword (flame)
rCold   . . .      Faith    .    (no shield)
rNeg    . . .      Spirit   .    b - +0 robe
rPois   .          Reflect  .    (no helmet)
rElec   .          Rampage  .    (no cloak)
rCorr   .                        (no gloves)
Will    .....                    (no boots)
Stlth   ++                       (no amulet)
HPRegen 0.25/turn                s - ring of flight
MPRegen 0.12/turn                (no ring)

@: flying
A: small, no large weapons, nightstalker 3
a: Renounce Religion, Fiery Armour, Foxfire Swarm, Rising Flame


You were on level 3 of the Dungeon.
You worshipped Ignis.
Ignis was extremely pleased with you.
You visited 1 branch of the dungeon, and saw 3 of its levels.

You collected 120 gold pieces.

Inventory:

Hand Weapons
 a - a -1 short sword of flaming (weapon)
 m - a +0 rapier
Armour
 b - a +0 robe (worn)
Jewellery
 s - a ring of flight (left hand)
Wands
 h - a wand of flame (9)
 l - a wand of polymorph (7)
Scrolls
 c - a scroll of brand weapon {unknown}
 e - a scroll of identify {unknown}
 f - a scroll of noise {unknown}
 g - a scroll of magic mapping {unknown}
 j - a scroll of amnesia {unknown}
 k - a scroll of enchant weapon {unknown}
 o - a scroll of silence {unknown}
 p - a scroll of vulnerability {unknown}
 q - a scroll of fear {unknown}
 r - a scroll of teleportation {unknown}
Potions
 d - a potion of degeneration
 i - a potion of resistance


   Skills:
 + Level 3.6 Fighting
 - Level 4.0 Short Blades
 + Level 1.2 Dodging
 + Level 1.5 Stealth
 * Level 3.9 Spellcasting
 - Level 4.0 Fire Magic


You had 9 spell levels left.
You knew the following spells:

 Your Spells              Type           Power      Damage    Failure   Level
a - Scorch                Fire           28%        2d6       5%          2

Your spell library contained the following spells:

 Spells                   Type           Power      Damage    Failure   Level
 Lesser Beckoning         Tloc           4%         N/A       28%         2
 Call Canine Familiar     Summ           2%         N/A       50%         3
 Gell's Gravitas          Tloc           2%         N/A       50%         3
 Portal Projectile        Hex/Tloc       4%         N/A       50%         3
 Teleport Other           Tloc           2%         N/A       50%         3
 Animate Dead             Necr           2%         N/A       88%         4
 Leda's Liquefaction      Hex/Erth       1%         N/A       88%         4
 Haunt                    Necr/Summ      1%         N/A       100%        7
 Infestation              Necr           1%         N/A       100%        8


Dungeon Overview and Level Annotations

Branches:
Dungeon (3/15)

Altars:


Innate Abilities, Weirdness & Mutations

You are small and have problems with some larger weapons.
You are completely attuned to the shadows.


Message History

The gnoll closely misses you. The gnoll barely misses you.
You hit the gnoll but do no damage.
The gnoll is almost dead.
The gnoll hits you with a +0 spear. The gnoll closely misses you.
You take 4 damage, and have 25/32 hp.
You barely miss the gnoll.
The gnoll is almost dead.
The gnoll hits you with a +0 spear. The gnoll hits you with a +0 club.
You take 5 damage, and have 20/32 hp.
You hit the gnoll. You burn the gnoll.
You kill the gnoll!
The gnoll hits you with a +0 club!
You take 7 damage, and have 13/32 hp.
MASSIVE DAMAGE!!
You barely miss the gnoll. The gnoll closely misses you.
You hit the gnoll. You burn the gnoll.
The gnoll is lightly wounded.
You barely miss the gnoll.
The gnoll is lightly wounded.
The gnoll closely misses you.
You hit the gnoll but do no damage.
The gnoll is lightly wounded.
The gnoll hits you with a +0 club.
You take 1 damage, and have 12/32 hp.
You closely miss the gnoll.
The gnoll is lightly wounded.
The gnoll hits you with a +0 club.
* * * LOW HITPOINT WARNING * * *
You take 6 damage, and have 6/32 hp.
You hit the gnoll but do no damage.
The gnoll is lightly wounded.
The gnoll completely misses you.
Okay, then.
Activating: Foxfire Swarm
Press: ? - help, Dir - look around, f - activate Flames leap up around you!
The gnoll hits you with a +0 club.
* * * LOW HITPOINT WARNING * * *
You take 1 damage, and have 5/32 hp.
Your foxfire dissipates!
The gnoll attacks as you move away! The gnoll hits you with a +0 club.
You die... ....# .#.# #.##....... # #.##....... #.###.#........ #.......#...... ####...)....... ##....#.####### ### #vvv#v#)# ####.. #vvvvv#.#

#....[ #vg@.##.# #.#...
#vvvv##.# #.#..#
######vv####.# #.#..#
#........# #†# #.#...
#........# #.#######.##.#
#.)......# #............#
#........# ##............
#........####.........###
###..####..................


You could see a gnoll (ally target).

Vanquished Creatures
  Ijyb (D:3)
  Robin (D:3)
  2 gnolls (D:3)
  4 adders
  2 worms (D:2)
  4 dart slugs
  3 orcs (D:3)
  3 ball pythons
  6 endoplasms
  A giant cockroach (D:2)
  8 goblins
  8 hobgoblins
  5 quokkas
  9 bats
  5 frilled lizards
  2 kobolds (D:2)
  4 rats
68 creatures vanquished.

Vanquished Creatures (others)
  A goblin (D:3)
1 creature vanquished.

Grand Total: 69 creatures vanquished

Notes
Turn   | Place    | Note
-------+----------+-------------------------------------------
     0 | D:1      | jasper the Kobold Cinder Acolyte began the quest for the
                  | Orb.
     0 | D:1      | Reached XP level 1. HP: 14/14 MP: 2/2
   362 | D:1      | Reached XP level 2. HP: 19/19 MP: 3/3
   365 | D:1      | Learned a level 2 spell: Scorch
   972 | D:1      | Reached XP level 3. HP: 23/23 MP: 1/4
  1127 | D:1      | Found a faded altar of an unknown god.
  1956 | D:2      | Reached XP level 4. HP: 28/28 MP: 2/7
  2917 | D:3      | Noticed Robin
  2940 | D:3      | Killed Robin
  2940 | D:3      | HP: 1/28 [goblin/+0 dagger[Robin] (3)]
  3351 | D:3      | Reached XP level 5. HP: 31/32 MP: 0/10
  3466 | D:3      | Reached skill level 1 in Stealth
  3564 | D:3      | Noticed Ijyb
  3610 | D:3      | Killed Ijyb
  3611 | D:3      | Reached skill level 1 in Dodging
  3719 | D:3      | Slain by a gnoll

Illustrated notes

Levels and vault maps discovered:
D:1:      dpeg_arrival_prison, layout_basic, shapermc_ecumenical_altar_petra
D:2:      layout_basic
D:3:      layout_basic, dreamdust_princess_corridor, uniq_ijyb, uniq_robin

Skill      XL: |  1  2  3  4  5 |
---------------+----------------+-----
Fire Magic     | 4 |  4.0
Spellcasting   | 2 3 |  3.9
Stealth        | 1 |  1.5
Dodging        | 1 |  1.2
Fighting       | |  3.6
Short Blades   | |  4.0

Action                     |  1- 3 |  4- 6 || total
---------------------------+-------+-------++-------
  Melee: Short sword       |    92 |    86 ||   178
         Punch             |     1 |     2 ||     3
         Unarmed           |       |    16 ||    16
   Cast: Scorch            |    23 |    46 ||    69
 Invoke: Foxfire Swarm     |       |     1 ||     1
  Evoke: Wand              |       |     4 ||     4
    Use: Potion            |       |     6 ||     6
   Stab: Sleeping          |     1 |       ||     1
 Armour: Robe              |    22 |     8 ||    30
         Skin              |       |     9 ||     9
  Dodge: Dodged            |    63 |    62 ||   125

Table legend: (Time is in decaauts)
 A = Elapsed time spent in this place.
 B = Non-inter-level travel time spent in this place.
 C = Inter-level travel time spent in this place.
 D = Time resting spent in this place.
 E = Time spent auto-exploring this place.
 F = Levels seen in this place.
 G = Mean time per level.
                   A        B        C        D        E       F      G
               +--------+--------+--------+--------+--------+-----+--------+
         Total |   3666 |   3442 |    224 |    211 |   2656 |   3 | 1222.0 |
       Dungeon |   3666 |   3442 |    224 |    211 |   2656 |   3 | 1222.0 |
               +--------+--------+--------+--------+--------+-----+--------+

Top non-repeatable levels by time:
     D:1: 1521 daAuts
     D:2: 1250 daAuts
     D:3: 893 daAuts
